 Dungeon Crawl Stone Soup version 0.31-a0-1300-gb6740aa4e6 (webtiles) character file.

Game seed: 17941545730577213740

171 night the Shooter (level 5, 0/41 HPs)
             Began as a Formicid Hunter on Dec 18, 2023.
             Slain by a water moccasin zombie (3 damage)
             ... in an ossuary.
             The game lasted 00:02:56 (1460 turns).

night the Shooter (Formicid Hunter)                 Turns: 1460, Time: 00:02:57

Health: 0/41       AC:  4    Str: 15    XL:     5   Next: 81%
Magic:  5/5        EV: 13    Int:  9    God:
Gold:   41         SH:  0    Dex: 19    Spells: 4/4 levels left

rFire   . . .        a - +0 shortbow
rCold   . . .        (no shield)
rNeg    . . .        c - +0 leather armour
rPois   .            (helmet unavailable)
rElec   .            n - +0 cloak
rCorr   .            (no gloves)
SInv    +            (no boots)
Will    +....        (no amulet)
Stlth   ++           (no ring)
HPRegen 0.26/turn    (no ring)
MPRegen 0.09/turn

%: no passive effects
@: enlightened, flying
A: permanent stasis, dig shafts and tunnels, antennae 3, four strong arms
a: Dig


You were in an ossuary.
You visited 1 branch of the dungeon, and saw 3 of its levels.
You also visited: Ossuary.

You collected 41 gold pieces.

Inventory:

Hand Weapons
 a - a +0 shortbow (weapon)
Missiles
 g - 5 poisoned darts
 h - 24 stones
 i - 5 curare-tipped darts
 m - 2 boomerangs
 q - 2 throwing nets
Armour
 c - a +0 leather armour (worn)
 n - a +0 cloak (worn)
Jewellery
 f - an amulet of the acrobat
Scrolls
 b - a scroll of butterflies
 d - a scroll of teleportation {unknown}
 e - a scroll of fog {unknown}
 j - a scroll of enchant weapon {unknown}
 l - a scroll of revelation {unknown}
 p - a scroll of fear {unknown}
 r - a scroll of vulnerability {unknown}
Potions
 o - a potion of degeneration {unknown}


   Skills:
 + Level 3.3 Fighting
 * Level 5.1 Ranged Weapons
 + Level 2.7 Dodging
 + Level 3.1 Stealth


You had 4 spell levels left.
You didn't know any spells.
Your spell library was empty.

Dungeon Overview and Level Annotations

Branches:
Dungeon (4/15)            Ossuary (1/1)
 Temple: D:4-7

Altars:


Innate Abilities, Weirdness & Mutations

You cannot be hasted, slowed, berserked, paralysed or teleported.
You can dig through walls and to a lower floor.
You have a pair of large antennae on your head. (SInv)
Your four strong arms can wield two-handed weapons with a shield.


Message History

The water moccasin zombie is severely damaged.
The water moccasin zombie bites you.
You are too injured to fight recklessly!
You are too injured to fight recklessly!
You are too injured to fight recklessly!
You shoot an arrow.
The arrow closely misses the water moccasin zombie.
The water moccasin zombie misses you. The water moccasin zombie bites you.
* * * LOW HITPOINT WARNING * * *
You shoot an arrow.
The arrow closely misses the water moccasin zombie.
The water moccasin zombie bites you.
* * * LOW HITPOINT WARNING * * *
You shoot an arrow.
The arrow closely misses the water moccasin zombie.
The water moccasin zombie bites you.
* * * LOW HITPOINT WARNING * * *
You shoot an arrow.
The arrow hits the water moccasin zombie.
The water moccasin zombie is severely damaged.
The water moccasin zombie bites you but does no damage.
The water moccasin zombie barely misses you.
You shoot an arrow.
The arrow closely misses the water moccasin zombie.
The water moccasin zombie completely misses you.
You aren't carrying any items that you can evoke.
It was a potion of enlightenment.
You feel very buoyant.
You fly up into the air.
The water moccasin zombie closely misses you.
You shoot an arrow.
The arrow hits the water moccasin zombie.
The water moccasin zombie is almost destroyed.
The water moccasin zombie completely misses you.
The water moccasin zombie barely misses you.
You shoot an arrow.
The arrow hits the water moccasin zombie.
The water moccasin zombie is almost destroyed.
The water moccasin zombie bites you.
You die...

#...#
#...#
#...#
#...#
###'#
#...#
#...#
#...#
#..@#
###Z#
,..+
...#
#...#
#####


You could see a water moccasin zombie.

Vanquished Creatures
  A water moccasin zombie (Ossuary)
  A mummy (D:4)
  4 gnolls (D:2)
  An adder (D:2)
  An adder zombie (Ossuary)
  A worm (D:2)
  A dart slug (D:1)
  A ball python (D:1)
  3 endoplasms
  3 giant cockroaches (D:1)
  A gnoll zombie (Ossuary)
  2 goblins
  4 hobgoblins (D:1)
  3 quokkas (D:1)
  4 bats (D:1)
  A frilled lizard (D:1)
  A hobgoblin zombie (Ossuary)
  6 kobolds (D:1)
  5 kobold zombies (Ossuary)
  2 rats (D:1)
46 creatures vanquished.

Notes
Turn   | Place    | Note
-------+----------+-------------------------------------------
     0 | D:1      | night the Formicid Hunter began the quest for the Orb.
     0 | D:1      | Reached XP level 1. HP: 16/16 MP: 1/1
   124 | D:1      | Reached XP level 2. HP: 23/23 MP: 2/2
   241 | D:1      | Reached skill level 2 in Dodging
   362 | D:1      | Reached XP level 3. HP: 28/28 MP: 3/3
   465 | D:1      | Reached skill level 2 in Stealth
   988 | D:2      | Reached XP level 4. HP: 34/34 MP: 4/4
  1206 | D:2      | You fall into a shaft and drop 2 floors!
  1224 | D:4      | Found a sand-covered staircase.
  1233 | D:4      | HP: 1/35 [mummy (11)]
  1235 | D:4      | Reached XP level 5. HP: 1/41 MP: 5/5
  1302 | Ossuary  | Entered an ossuary
  1440 | Ossuary  | Reached skill level 5 in Ranged Weapons
  1454 | Ossuary  | HP: 2/41 [water moccasin zombie (6)]
  1460 | Ossuary  | Slain by a water moccasin zombie

Illustrated notes

Levels and vault maps discovered:
D:1:      dpeg_arrival_fog, layout_basic, minmay_door_square,
          nicolae_figureground_pulse
D:2:      layout_basic, shapermc_ecumenical_altar_acropolis
D:4:      minmay_clustersquares, layout_basic, mainiacjoe_overflow_24_doors,
          mainiacjoe_overflow_alcove_1, nicolae_ru_great_annihilating_truth,
          nicolae_ossuary_entry_giza, uniq_duvessa, uniq_ijyb, uniq_menkaure
Ossuary:  ossuary_tomb_2

Skill      XL: |  1  2  3  4  5 |
---------------+----------------+-----
Dodging        | 2 |  2.7
Stealth        | 2 3 |  3.1
Fighting       | 3 |  3.3
Ranged Weapons | 5 |  5.1

Action                     |  1- 3 |  4- 6 || total
---------------------------+-------+-------++-------
   Fire: Shortbow          |    78 |    81 ||   159
Ability: Shaft Self        |       |     1 ||     1
    Use: Potion            |       |     1 ||     1
 Armour: Leather armour    |    17 |    42 ||    59
  Dodge: Dodged            |    11 |    36 ||    47

Table legend: (Time is in decaauts)
 A = Elapsed time spent in this place.
 B = Non-inter-level travel time spent in this place.
 C = Inter-level travel time spent in this place.
 D = Time resting spent in this place.
 E = Time spent auto-exploring this place.
 F = Levels seen in this place.
 G = Mean time per level.
                   A        B        C        D        E       F      G
               +--------+--------+--------+--------+--------+-----+--------+
         Total |   1492 |   1473 |     19 |    265 |    843 |   4 |  373.0 |
       Dungeon |   1326 |   1307 |     19 |    181 |    828 |   3 |  442.0 |
       Ossuary |    166 |    166 |      0 |     84 |     15 |   1 |  166.0 |
               +--------+--------+--------+--------+--------+-----+--------+

Top non-repeatable levels by time:
     D:1: 935 daAuts
     D:2: 292 daAuts
 Ossuary: 166 daAuts
     D:4: 97 daAuts
